 Dungeon Crawl Stone Soup version 0.31-a0-1424-g2add1c7226 (webtiles) character file.

Game seed: 18195304016799835067

44212 pokeman the Eclecticist (level 13, -6/72 HPs)
             Began as a Deep Elf Hedge Wizard on Dec 25, 2023.
             Was an Elder of Vehumet.
             Mangled by a boulder beetle (12 damage)
             ... on level 15 of the Dungeon on Dec 26, 2023.
             The game lasted 00:57:06 (22098 turns).

pokeman the Eclecticist (Deep Elf Hedge Wizard)    Turns: 22098, Time: 00:57:06

Health: -6/72      AC: 14    Str:  6    XL:     13   Next: 95%
Magic:  29/39      EV: 11    Int: 24    God:    Vehumet [****..]
Gold:   840        SH:  5    Dex: 15    Spells: 27/52 levels left

rFire   . . .        C - +1 falchion (venom)
rCold   . . .        (no shield)
rNeg    + . .        V - +0 acid dragon scales
rPois   +            w - +0 helmet
rElec   .            g - +2 ratskin cloak {*Rats rPois rN+ Str-1 Int-1 Dex+1}
rCorr   +            i - +0 pair of gloves
SInv    .            c - +0 pair of boots
Will    +....        s - amulet of reflection
Stlth   ++           e - ring of resist corrosion
HPRegen 0.32/turn    K - ring of poison resistance
MPRegen 0.26/turn

%: reflection
@: slightly contaminated
A: no striking features
a: Renounce Religion


You were on level 15 of the Dungeon.
You worshipped Vehumet.
Vehumet was greatly pleased with you.
You visited 2 branches of the dungeon, and saw 16 of its levels.

You collected 840 gold pieces.

Inventory:

Hand Weapons
 o - the +5 orcbow of the Snake Pit {drain, Str+6 Int+3}
   (You took it off a centaur warrior on level 13 of the Dungeon)

   Str+6:     It affects your strength (+6).
   Int+3:     It affects your intelligence (+3).
 C - a +1 falchion of venom (weapon)
Missiles
 E - 3 throwing nets
 S - 6 curare-tipped darts
Armour
 c - a +0 pair of boots (worn)
 g - the +2 ratskin cloak (worn) {*Rats rPois rN+ Str-1 Int-1 Dex+1}
   (You acquired it on level 11 of the Dungeon)

   *Rats:     When the wearer is hurt, rats may emerge from it to assist them.
   Str-1:     It affects your strength (-1).
   Int-1:     It affects your intelligence (-1).
   Dex+1:     It affects your dexterity (+1).
   rPois:     It protects you from poison rN+: It protects you from negative
   energy.
 i - a +0 pair of gloves (worn)
 t - a +0 buckler
 w - a +0 helmet (worn)
 V - +0 acid dragon scales (worn)
Magical Staves
 b - a staff of alchemy
 P - a staff of fire
Jewellery
 e - a ring of resist corrosion (left hand)
 s - an amulet of reflection (around neck)
 K - a ring of poison resistance (right hand)
 R - a ring of fire
Wands
 x - a wand of light (7)
 y - a wand of flame (8)
 M - a wand of polymorph (11)
 T - a wand of digging (6)
Scrolls
 a - a scroll of brand weapon
 h - 2 scrolls of poison {unknown}
 j - 7 scrolls of teleportation
 l - 2 scrolls of blinking
 u - 2 scrolls of vulnerability
 H - 2 scrolls of revelation
 N - 2 scrolls of torment {unknown}
 W - 3 scrolls of noise {unknown}
Potions
 d - 2 potions of magic
 f - a potion of haste {unknown}
 k - 3 potions of might {unknown}
 m - 2 potions of degeneration {unknown}
 n - 2 potions of brilliance {unknown}
 q - 11 potions of curing
 r - 2 potions of resistance {unknown}
 v - a potion of berserk rage {unknown}
 z - 4 potions of heal wounds {unknown}
 A - 2 potions of experience {unknown}
 B - a potion of enlightenment {unknown}
 D - 4 potions of attraction {unknown}
 F - a potion of ambrosia {unknown}
 Q - 2 potions of mutation {unknown}
 U - 2 potions of invisibility {unknown}
Miscellaneous
 p - a condenser vane


   Skills:
 - Level 5.0 Fighting
 - Level 5.0 Armour
 - Level 3.0 Dodging
 - Level 3.0 Stealth
 + Level 5.5 Shields
 * Level 20.2 Spellcasting
 + Level 12.2 Conjurations
 - Level 1.1 Summonings
 - Level 1.1 Translocations
 + Level 10.1 Fire Magic
 - Level 4.0 Air Magic
 - Level 2.0 Alchemy
 - Level 2.0 Evocations


You had 27 spell levels left.
You knew the following spells:

 Your Spells              Type           Power      Damage    Failure   Level
a - Magic Dart            Conj           100%       1d8       0%          1
b - Mephitic Cloud        Conj/Alch/Air  52%        N/A       1%          3
c - Call Imp              Summ           58%        N/A       3%          2
d - Blink                 Tloc           58%        N/A       3%          2
e - Foxfire               Conj/Fire      100%       2x1d9     1%          1
f - Iskenderun's Mystic   Conj/Tloc      54%        2d12      1%          4
g - Orb of Destruction    Conj           35%        9d10      5%          7
h - Irradiate             Conj/Alch      27%        3d20      1%          5

Your spell library contained the following spells:

 Spells                   Type           Power      Damage    Failure   Level
 Ignite Poison            Fire/Alch      52%        N/A       1%          4
 Sting                    Conj/Alch      100%       1d9       1%          1
 Static Discharge         Conj/Air       100%       3-8/arc   1%          2
 Airstrike                Air            21%        2d(4-20)  1%          4
 Apportation              Tloc           58%        N/A       2%          1
 Summon Small Mammal      Summ           100%       N/A       2%          1
 Cigotuvi's Dreadful Rot  Necr/Alch/Air  66%        N/A       2%          2
 Necrotise                Necr           96%        1d8       3%          1
 Slow                     Hex            96%        N/A       3%          1
 Sublimation of Blood     Necr           24%        N/A       5%          2
 Summon Guardian Golem    Hex/Summ       26%        N/A       9%          3
 Tukima's Dance           Hex            24%        N/A       11%         3
 Summon Lightning Spire   Summ/Air       36%        N/A       12%         4
 Petrify                  Alch/Erth      29%        N/A       22%         4
 Dimensional Bullseye     Hex/Tloc       13%        N/A       26%         4
 Spellforged Servitor     Conj/Summ      27%        N/A       41%         7


Dungeon Overview and Level Annotations

Branches:
Dungeon (15/15)            Temple (1/1) D:7            Lair (0/5) D:9
    Orc (0/2) D:9          Vaults (0/5) D:14
 Depths: D:15

Altars:
Ashenzari
Cheibriados
Dithmenos
Elyvilon
Fedhas
Gozag
Hepliaklqana
Kikubaaqudgha
Makhleb
Nemelex Xobeh
Okawaru
Qazlal
Ru
Sif Muna
Trog
Uskayaw
Vehumet
Wu Jian
Xom
Yredelemnul
Zin
The Shining One

Shops:
D:2 :=[=:   D:7 ?

Portals:
Trove: D:14 (give +2 gold dragon scales)


Message History

The fire elemental hits you. The fire elemental burns you!
* * * LOW HITPOINT WARNING * * *
The deep elf pyromancer is engulfed in noxious fumes.
The boulder beetle is engulfed in noxious fumes.
You block the boulder beetle's attack.
Unknown command.
Casting: Mephitic Cloud (safe; 1% risk of failure)
Confirm with . or Enter, or press ? or * to list all spells.
You erupt in a fountain of uncontrolled magic!
The boulder beetle is blasted with magical radiation!
The boulder beetle is almost dead.
The fire elemental is blasted with magical radiation!!
You destroy the fire elemental!
The fire elemental disappears in a puff of smoke!
The fire elemental is blasted with magical radiation!!
The fire elemental is almost destroyed.
You are very lightly contaminated with residual magic.
The fire elemental hits you. The fire elemental burns you!
* * * LOW HITPOINT WARNING * * *
The deep elf pyromancer is engulfed in noxious fumes.
The deep elf pyromancer mumbles some strange words.
You block the fire elemental's attack.
The boulder beetle is engulfed in noxious fumes.
The boulder beetle appears confused.
The boulder beetle bites your river rat!
Your river rat is killed!
Unknown command.
Casting: Irradiate (dangerous; 1% risk of failure)
Confirm with . or Enter, or press ? or * to list all spells.
You erupt in a fountain of uncontrolled magic!
The boulder beetle is blasted with magical radiation!
The boulder beetle is almost dead.
The fire elemental is blasted with magical radiation!!!
You destroy the fire elemental!
The fire elemental disappears in a puff of smoke!
You are lightly contaminated with residual magic.
The deep elf pyromancer is engulfed in noxious fumes.
The boulder beetle is engulfed in noxious fumes.
The boulder beetle appears confused.
The boulder beetle bites you!
You die...

#..# #..# #.)#
#..#
.#######..######
####
................
................
########...#####
#...# #...#
#.@.# #Be☼#
#.°.# #°E.#
.☼..# ......
.....## ###...#


You could see a boulder beetle (confused, very poisoned), a deep elf pyromancer
and a fire elemental (summoned).

Vanquished Creatures
  A fenstrider witch (D:14)
  A vault guard (D:14)
  3 hydras
  5 ogre magi
  3 centaur warriors
  3 boulder beetles
  A tengu warrior (D:15)
  6 two-headed ogres
  Sonja (D:10)
  A shadow wraith (D:14)
  10 skeletal warriors
  A harpy (shapeshifter) (D:15)
  A necromancer (D:14)
  2 deep elf pyromancers
  8 ugly things
  A manticore (D:13)
  3 cyclopes
  5 gargoyles
  2 kobold demonologists
  An efreet (D:14)
  2 unseen horrors (D:11)
  2 komodo dragons
  Psyche (D:8)
  A rime drake (shapeshifter) (D:15)
  A queen bee (shapeshifter) (D:14)
  A merfolk (D:9)
  6 trolls
  5 hornets
  5 slime creatures
  A vampire (D:11)
  A wraith (D:13)
  6 yaks
  2 shadows (D:11)
  2 water elementals
  Grum (D:11)
  Eustachio (D:6)
  4 vampire mosquitoes (D:12)
  Edmund (D:4)
  3 acid dragons
  Duvessa (D:4)
  A water moccasin (D:6)
  7 ogres
  7 orc warriors
  7 wolves
  7 centaurs
  2 phantoms
  Blork the orc (D:4)
  3 kobold brigands
  3 gnoll sergeants
  2 bullfrogs
  A scorpion (D:3)
  4 wights (D:8)
  Dowan (D:4)
  3 killer bees (D:9)
  3 howler monkeys (D:8)
  11 electric eels
  A bombardier beetle (D:5)
  8 orc priests
  4 hounds
  2 jellies
  Jessica (D:3)
  4 iguanas
  Ijyb (D:4)
  9 orc wizards
  Robin (D:3)
  9 adders
  18 gnolls
  6 white imps
  An ufetubus (D:5)
  2 dart slugs
  2 worms
  46 orcs
  3 endoplasms
  5 giant cockroaches
  9 goblins
  4 hobgoblins
  2 jackals (D:2)
  A quokka (D:2)
  A ball python (D:4)
  8 bats
  4 frilled lizards
  17 kobolds
  3 rats
  2 foxfires (D:15)
343 creatures vanquished.

Vanquished Creatures (collateral kills)
  A centaur warrior (D:13)
  A cyclops (D:13)
  3 slime creatures
  2 centaurs (D:13)
  4 foxfires
11 creatures vanquished.

Vanquished Creatures (others)
  A manticore (D:13)
  2 electric eels
  692 foxfires
695 creatures vanquished.

Grand Total: 1049 creatures vanquished

Notes
Turn   | Place    | Note
-------+----------+-------------------------------------------
     0 | D:1      | pokeman the Deep Elf Hedge Wizard began the quest for the
                  | Orb.
     0 | D:1      | Reached XP level 1. HP: 10/10 MP: 7/7
   663 | D:2      | Found Xakhlen's Armour Boutique.
   666 | D:2      | Reached XP level 2. HP: 16/16 MP: 6/9
   863 | D:2      | Found Bodghy's Jewellery Shop.
   915 | D:2      | Reached skill level 5 in Spellcasting
  1064 | D:2      | Reached XP level 3. HP: 20/20 MP: 5/11
  1068 | D:2      | Learned a level 3 spell: Mephitic Cloud
  1071 | D:2      | Learned a level 2 spell: Call Imp
  1074 | D:2      | Learned a level 2 spell: Blink
  1136 | D:2      | Found Oclotoqu's Jewellery Shop.
  1246 | D:2      | Found Vootur's Book Boutique.
  1540 | D:2      | Reached skill level 1 in Fighting
  1625 | D:2      | Reached skill level 1 in Armour
  1731 | D:2      | Found Xocs's Book Shoppe.
  1848 | D:2      | Reached XP level 4. HP: 25/25 MP: 1/13
  2014 | D:3      | Reached skill level 6 in Spellcasting
  2014 | D:3      | Reached XP level 5. HP: 12/29 MP: 5/15
  2601 | D:3      | Noticed Robin
  2621 | D:3      | Noticed Jessica
  2624 | D:3      | Killed Robin
  2633 | D:3      | Killed Jessica
  2634 | D:3      | Reached skill level 1 in Air Magic
  2634 | D:3      | Reached skill level 1 in Alchemy
  2959 | D:3      | Reached XP level 6. HP: 34/34 MP: 13/17
  3497 | D:4      | Noticed Edmund
  3507 | D:4      | Noticed Blork the orc
  3513 | D:4      | Killed Edmund
  3514 | D:4      | Reached skill level 7 in Spellcasting
  3524 | D:4      | Killed Blork the orc
  3682 | D:4      | Noticed Ijyb
  3688 | D:4      | Noticed Duvessa
  3696 | D:4      | Noticed Dowan
  3697 | D:4      | Killed Ijyb
  3698 | D:4      | Reached XP level 7. HP: 38/38 MP: 15/20
  3710 | D:4      | Killed Dowan
  3738 | D:4      | Killed Duvessa
  3739 | D:4      | Reached skill level 8 in Spellcasting
  3862 | D:4      | Found a sparkling altar of Nemelex Xobeh.
  4734 | D:5      | Entered Level 5 of the Dungeon
  4935 | D:5      | Reached skill level 9 in Spellcasting
  5010 | D:5      | Reached XP level 8. HP: 44/44 MP: 14/23
  5166 | D:5      | Found a bloodstained altar of Trog.
  5166 | D:5      | Found a glowing silver altar of Zin.
  5556 | D:5      | Reached skill level 5 in Conjurations
  5774 | D:5      | Reached skill level 1 in Evocations
  6201 | D:6      | Reached skill level 10 in Spellcasting
  6472 | D:6      | Noticed Eustachio
  6485 | D:6      | Killed Eustachio
  7175 | D:7      | Found a staircase to the Ecumenical Temple.
  7186 | Temple   | Entered the Ecumenical Temple
  7208 | Temple   | Became a worshipper of Vehumet
  7262 | D:7      | Found Voewutt's Magic Scroll Shoppe.
  7344 | D:7      | Found a glowing golden altar of the Shining One.
  7365 | D:7      | Found a shimmering altar of Xom.
  7370 | D:7      | Found a shimmering blue altar of Sif Muna.
  7573 | D:7      | Reached skill level 11 in Spellcasting
  7829 | D:7      | Reached XP level 9. HP: 40/49 MP: 26/26
  8405 | D:8      | Noticed Psyche
  8419 | D:8      | Killed Psyche
  8580 | D:8      | Learned a level 4 spell: Iskenderun's Mystic Blast
  8584 | D:8      | Reached skill level 12 in Spellcasting
  8599 | D:8      | Reached skill level 1 in Shields
  8942 | D:8      | You fall into a shaft and drop 3 floors!
  8969 | D:10     | Entered Level 10 of the Dungeon
  9348 | D:9      | Noticed a kobold demonologist
  9359 | D:9      | Killed a kobold demonologist
  9360 | D:9      | Reached skill level 1 in Fire Magic
  9386 | D:9      | Noticed a merfolk
  9400 | D:9      | Killed a merfolk
  9401 | D:9      | Reached XP level 10. HP: 28/56 MP: 17/28
  9561 | D:9      | Reached skill level 13 in Spellcasting
  9609 | D:9      | Found a staircase to the Orcish Mines.
  9774 | D:9      | Reached * piety under Vehumet
  9774 | D:9      | Offered knowledge of Foxfire by Vehumet.
  9777 | D:9      | Learned a level 1 spell: Foxfire
 10051 | D:9      | Found a staircase to the Lair.
 11026 | D:10     | Reached skill level 14 in Spellcasting
 11531 | D:10     | Noticed an ogre mage
 11532 | D:10     | Noticed a boulder beetle
 11542 | D:10     | Noticed Sonja
 11545 | D:10     | Killed an ogre mage
 11546 | D:10     | Killed Sonja
 11548 | D:10     | Killed a boulder beetle
 11549 | D:10     | Reached XP level 11. HP: 39/60 MP: 12/31
 11888 | D:11     | Reached skill level 15 in Spellcasting
 11892 | D:11     | Noticed Grum
 11907 | D:11     | Killed Grum
 11908 | D:11     | Reached skill level 5 in Fire Magic
 13031 | D:11     | Learned a level 7 spell: Orb of Destruction
 13292 | D:11     | Identified 2 scrolls of acquirement
 13298 | D:11     | Acquired the +2 ratskin cloak {*Rats rPois rN+ Str-1 Int-1
                  | Dex+1}
 13298 | D:11     | Found the +2 ratskin cloak {*Rats rPois rN+ Str-1 Int-1
                  | Dex+1}
 13311 | D:11     | Acquired a book of Transmutation
 13321 | D:11     | Learned a level 5 spell: Irradiate
 13371 | D:12     | Noticed a deep elf pyromancer
 13374 | D:12     | Noticed a red ugly thing
 13381 | D:12     | Killed a deep elf pyromancer
 13391 | D:12     | Killed a brown ugly thing
 13392 | D:12     | Reached skill level 16 in Spellcasting
 13631 | D:12     | Noticed a boulder beetle
 13647 | D:12     | Killed a boulder beetle
 13774 | D:12     | Reached ** piety under Vehumet
 13774 | D:12     | Offered knowledge of Kiss of Death by Vehumet.
 14200 | D:12     | Reached XP level 12. HP: 66/66 MP: 14/34
 15272 | D:13     | Noticed a centaur warrior
 15297 | D:13     | Killed a centaur warrior
 15298 | D:13     | Reached skill level 10 in Conjurations
 15461 | D:13     | Reached skill level 17 in Spellcasting
 15718 | D:13     | Noticed a five-headed hydra
 15735 | D:13     | Killed a five-headed hydra
 16298 | D:13     | Noticed a death knight
 16298 | D:13     | Noticed a centaur warrior
 16299 | D:13     | Noticed a centaur warrior
 16300 | D:13     | Noticed a boulder beetle
 16313 | D:13     | Noticed an ogre mage
 16314 | D:13     | Noticed a boulder beetle
 16363 | D:13     | Identified the +5 orcbow of the Snake Pit {drain, Str+6
                  | Int+3}
 16363 | D:13     | Noticed a centaur warrior
 16373 | D:13     | Killed a centaur warrior
 16377 | D:13     | Offered knowledge of Scorch by Vehumet.
 16380 | D:13     | Noticed a four-headed hydra
 16388 | D:13     | Killed a four-headed hydra
 16389 | D:13     | Reached skill level 5 in Fighting
 16882 | D:13     | Noticed a two-headed ogre
 16936 | D:13     | Killed a two-headed ogre
 17042 | D:13     | Reached skill level 18 in Spellcasting
 17426 | D:14     | Noticed a centaur warrior
 17436 | D:14     | Killed a centaur warrior
 18540 | D:14     | Noticed an ogre mage
 18558 | D:14     | Killed an ogre mage
 18561 | D:14     | Reached *** piety under Vehumet
 18629 | D:14     | Reached XP level 13. HP: 56/72 MP: 29/37
 18735 | D:14     | Found a gate to the Vaults.
 18823 | D:14     | Noticed a fenstrider witch
 18832 | D:14     | Killed a fenstrider witch
 18843 | D:14     | Paralysed by a hornet for 3 turns
 19016 | D:14     | Reached skill level 5 in Armour
 19238 | D:15     | Entered Level 15 of the Dungeon
 19299 | D:15     | Upgraded the game from 0.31-a0-1405-g2bb1a01664 to
                  | 0.31-a0-1424-g2add1c7226
 19303 | D:15     | Reached skill level 19 in Spellcasting
 19428 | D:15     | Offered knowledge of Ignite Poison by Vehumet.
 20666 | D:14     | Found a portal to a secret trove of treasure.
 21119 | D:14     | Found a sparkling altar of Nemelex Xobeh.
 21238 | D:15     | Reached skill level 5 in Shields
 21725 | D:15     | Reached skill level 20 in Spellcasting
 21759 | D:15     | Reached skill level 10 in Fire Magic
 21962 | D:15     | Reached **** piety under Vehumet
 22098 | D:15     | Mangled by a boulder beetle

Illustrated notes

Levels and vault maps discovered:
D:1:      minmay_arrival_loop, layout_basic
D:2:      layout_loops_ring, serial_shops, shop, shop,
          nicolae_shop_tiny_statue_garden, nicolae_book_shop_shelving, shop,
          minmay_pentomino_s2
D:3:      layout_basic, serial_rivers, chequers_serial_rivers_room_a,
          chequers_serial_rivers_large_a, chequers_serial_rivers_large_b,
          chequers_serial_rivers_small_3, chequers_serial_rivers_small_b,
          guppyfry_early_lair_pool, uniq_jessica, uniq_robin
D:4:      layout_basic, mainiacjoe_overflow_alcove_2, uniq_blork_the_orc,
          uniq_edmund, uniq_duvessa, uniq_ijyb
D:5:      layout_gridville, jmf_multi_god_temple, grunt_ministairs_7
D:6:      layout_gridville, uniq_eustachio
D:7:      layout_loops_ring, minmay_overflow_temple_star_quad,
          minmay_temple_entry_tees, serial_shops, nicolae_shop_statue_plus
D:8:      layout_basic, patterned_corridor, uniq_psyche
D:9:      layout_long_grid, erik_lair_island, david_orc_1_choice,
          hangedman_fish_farm
D:10:     layout_stronghold, minmay_checkerbox, uniq_sonja
D:11:     layout_loops_ring, uniq_grum
D:12:     layout_irregular_city, serial_bayou, serial_bayou_lagoon_a,
          serial_bayou_pond_e, serial_bayou_pond_a, serial_bayou_lake_a
D:13:     layout_basic, minivault_12
D:14:     hellmonk_paralyzer, layout_layer_cave, david_vaults_4,
          nemelex_lonely_heart_becter, enter_trove_5, drop_trap
D:15:     hellmonk_depths_entry_around_the_bend, layout_long_grid,
          grunt_ministairs_14
Temple:   regret_index_temple_sphere_string

Skill      XL: |  1  2  3  4  5  6  7  8  9 10 11 12 13 |
---------------+----------------------------------------+-----
Spellcasting   | 5 6 7 9 11 12 14 16 18 20 | 20.2
Fighting       | 1 2 3 4 5 |  5.0
Armour         | 1 3 4 5 |  5.0
Conjurations   | 2 3 4 6 7 8 9 11 12 | 12.2
Dodging        | 3 |  3.0
Stealth        | 3 |  3.0
Air Magic      | 1 2 4 |  4.0
Alchemy        | 1 2 |  2.0
Evocations     | 2 |  2.0
Shields        | 2 4 5 |  5.5
Fire Magic     | 1 4 6 8 10 | 10.1
Summonings     | |  1.1
Translocations | |  1.1

Action                     |  1- 3 |  4- 6 |  7- 9 | 10-12 | 13-15 || total
---------------------------+-------+-------+-------+-------+-------++-------
  Melee: War axe           |       |    77 |    22 |       |       ||    99
         Punch             |       |     2 |     2 |     3 |       ||     7
         Falchion          |       |       |   157 |   165 |    39 ||   361
   Cast: Magic Dart        |    97 |    63 |   201 |    25 |     5 ||   391
         Mephitic Cloud    |       |    10 |    27 |    58 |    24 ||   119
         Call Imp          |       |       |     2 |     3 |     2 ||     7
         Blink             |       |       |     1 |     1 |     2 ||     4
         Iskenderun's Myst |       |       |     8 |    59 |    37 ||   104
         Foxfire           |       |       |       |   301 |    85 ||   386
         Irradiate         |       |       |       |    21 |    27 ||    48
         Orb of Destructio |       |       |       |       |    14 ||    14
  Evoke: Wand              |       |       |       |     1 |     3 ||     4
    Use: Scroll            |       |       |       |    14 |     2 ||    16
   Stab: Confused          |       |    11 |    23 |    23 |     6 ||    63
         Sleeping          |       |       |     2 |       |       ||     2
 Armour: Robe              |    21 |    53 |   132 |    30 |       ||   236
         Acid dragon scale |       |       |       |   179 |    67 ||   246
  Dodge: Dodged            |    14 |    65 |   128 |   114 |    24 ||   345
  Block: Other             |       |       |       |    10 |    23 ||    33
         Reflection        |       |       |       |       |     1 ||     1

Table legend: (Time is in decaauts)
 A = Elapsed time spent in this place.
 B = Non-inter-level travel time spent in this place.
 C = Inter-level travel time spent in this place.
 D = Time resting spent in this place.
 E = Time spent auto-exploring this place.
 F = Levels seen in this place.
 G = Mean time per level.
                   A        B        C        D        E       F      G
               +--------+--------+--------+--------+--------+-----+--------+
         Total |  22352 |  21227 |   1125 |   1993 |  15770 |  16 | 1397.0 |
       Dungeon |  22281 |  21201 |   1080 |   1993 |  15770 |  15 | 1485.4 |
        Temple |     71 |     26 |     45 |      0 |      0 |   1 |   71.0 |
               +--------+--------+--------+--------+--------+-----+--------+

Top non-repeatable levels by time:
    D:13: 3238 daAuts
    D:14: 2774 daAuts
     D:3: 1596 daAuts
    D:12: 1548 daAuts
    D:11: 1523 daAuts
     D:9: 1506 daAuts
    D:10: 1358 daAuts
     D:5: 1348 daAuts
     D:2: 1297 daAuts
     D:4: 1256 daAuts
     D:8: 1193 daAuts
     D:7: 1017 daAuts
     D:6: 993 daAuts
    D:15: 967 daAuts
     D:1: 662 daAuts
